 Dungeon Crawl Stone Soup version 0.17-a0-1882-g750edc8 (webtiles) character file.

4131 4thArraOfDagon the Martial Artist (level 10, 0/55 HPs)
             Began as a Vine Stalker Monk on Sept 22, 2015.
             Was a Believer of Ru.
             Succumbed to a wight's poison
             ... on level 10 of the Dungeon.
             The game lasted 00:20:25 (3297 turns).

4thArraOfDagon the Martial Artist (VSMo)            Turns: 3297, Time: 00:20:26

Health: 0/55       AC:  9    Str: 15    XL:     10   Next: 27%
Magic:  10/10      EV: 16    Int: 13    God:    Ru [**....]
Gold:   136        SH:  0    Dex: 16    Spells: 0 memorised, 9 levels left

rFire  . . .     SeeInvis +       - Unarmed
rCold  . . .     Clarity  .     f - +2 robe {MR+}
rNeg   . . .     SustAt   +     (no shield)
rPois  .         Gourm    .     c - +2 helmet
rElec  .         Spirit   +     (no cloak)
rCorr  .         Warding  .     (no gloves)
rMut   .         Stasis   .     d - +1 pair of boots {run}
MR     +....                    (no amulet)
Stlth  ..........               j - ring of sustain attributes
                                e - ring of see invisible

@: lethally poisoned (0 -> -5), drained, quick, somewhat resistant to hostile
enchantments, extremely unstealthy
A: fangs 3, low mp 1, regeneration 2, magic shield, antimagic bite, no device
heal 3, rot immunity, no stealth, magic vulnerability 1
a: Renounce Religion


You were on level 10 of the Dungeon.
You worshipped Ru.
Ru was pleased with you.
You were not hungry.

You visited 1 branch of the dungeon, and saw 10 of its levels.
You also visited: Sewer and Ossuary.

You collected 152 gold pieces.
You spent 16 gold pieces at shops.

Inventory:

Hand weapons
 n - a +1 hand axe of freezing
 o - the +8 mace "Acaat" {crush, MP-9 Int+3 Stlth+, unknown}
   (You took it off a centaur on level 8 of the Dungeon)

   It inflicts extra damage upon your enemies.
   It affects your intelligence (+3).
   It affects your magic capacity (-9).
   It makes you more stealthy.
Missiles
 q - a throwing net (quivered)
Armour
 c - a +2 helmet (worn)
 d - a +1 pair of boots of running (worn)
 f - a +2 robe of magic resistance (worn)
 h - a +0 scale mail
Jewellery
 e - a ring of see invisible (left hand)
 j - a ring of sustain attributes (right hand)
Scrolls
 k - a scroll of recharging
Potions
 i - a potion of brilliance
 l - a potion of flight
 m - 3 potions of lignification {unknown}
 p - 2 potions of magic {unknown}
 t - 2 potions of degeneration
 v - a potion of resistance {unknown}
 w - a potion of might {unknown}
Comestibles
 a - 3 meat rations
 b - 3 bread rations
 u - 3 chunks of flesh


   Skills:
 + Level 7.4(7.1) Fighting
 + Level 6.6(6.3) Dodging
 * Level 10.9(10.6) Unarmed Combat


You had 9 spell levels left.
You didn't know any spells.

Dungeon Overview and Level Annotations

Branches:
Dungeon (10/15)              Lair (0/8) D:8
 Temple: D:4-7          Orc: D:9-12

Altars:
Fedhas
Qazlal
Ru
Vehumet
Yredelemnul
Beogh

Shops:
D:10 *

Annotations:
D:2 Sigmund
D:3 Grinder, Terence
D:5 4 runed doors, Dowan, Duvessa
D:6 barthelm's ghost, experienced KoBe
D:7 exclusion: wasp
D:10 GrandHerb's ghost, powerful TeGl


Innate Abilities, Weirdness & Mutations

You have razor-sharp teeth.
Your magical capacity is low (-10% MP).
You heal very quickly.
When hurt, damage is shared between your health and your magic reserves.
Your bite disrupts and absorbs the magic of your enemies.
Potions and wands cannot restore your health.
You are immune to rotting.
You cannot be stealthy.
You are slightly vulnerable to magic.


Message History

You punch the wight!
You destroy the wight!
* * * LOW HITPOINT WARNING * * *
You feel sick.
Unknown command.
* * * LOW HITPOINT WARNING * * *
You feel sick.
Items here: ( )) [[ a dagger of venom; a robe; a throwing net; a scimitar; a robe Unknown command.
Unknown command.
Drink which item? (? for menu, Esc to quit)
Okay, then.
q - a throwing net
* * * LOW HITPOINT WARNING * * *
You feel sick.
Unknown command.
Use which ability?
Okay, then.
You die...

..y.. y.. ##y#
#. ##.# ##..
##"## ... #†##
##.. ##.##
##.######
##)###H.......
##@#......###..
##).(.W........
###.....## ..
##.∩.## .H#§
##.##


S..Wo #.# ....? #.# #.. ### You could see a wraith (wandering).

Vanquished Creatures
  2 centaur skeletons (D:6)
  3 hippogriffs
  3 wargs (D:8)
  Edmund (D:6)
  2 phantoms
  A sky beast (D:9)
  2 ogres
  An ice beast (D:10)
  2 centaurs (D:8)
  4 elf zombies (D:7)
  5 giant frogs
  An elf skeleton (D:7)
  3 water moccasin zombies (Ossuary)
  A water moccasin skeleton (D:9)
  4 killer bees (D:10)
  7 wights
  A crimson imp (D:5)
  A centaur zombie (D:6)
  A human zombie (D:7)
  6 orc priests
  Ijyb (D:3)
  A giant frog skeleton (D:6)
  A jelly (D:9)
  Jessica (D:3)
  2 orc wizards (D:7)
  3 human skeletons (D:7)
  2 iguanas
  2 worker ants
  2 big kobold zombies (Ossuary)
  2 hound zombies (D:5)
  A hound skeleton (D:5)
  2 mummies (Ossuary)
  Robin (D:3)
  4 gnolls (D:7)
  4 adders
  6 adder zombies
  An adder skeleton (D:5)
  7 giant geckos
  25 orcs
  2 bats
  4 giant cockroaches
  9 goblins
  8 hobgoblins
  3 jackals
  3 kobolds
  A quokka (D:3)
  4 ball pythons
  A giant gecko zombie (D:5)
  2 giant newts
  3 hobgoblin zombies (Ossuary)
  5 kobold zombies (Ossuary)
  2 orc skeletons (D:7)
  12 orc zombies (Ossuary)
  A rat (D:3)
179 creatures vanquished.

Vanquished Creatures (others)
  A kobold (D:3)
1 creature vanquished.

Grand Total: 180 creatures vanquished

Notes
Turn   | Place    | Note
--------------------------------------------------------------
     0 | D:1      | 4thArraOfDagon the Vine Stalker Monk began the quest for the Orb.
     0 | D:1      | Reached XP level 1. HP: 11/11 MP: 2/2
    38 | D:2      | Noticed Sigmund
    44 | D:3      | Noticed Robin
    44 | D:3      | Noticed Terence
    44 | D:3      | Noticed Ijyb
   159 | D:1      | Identified a +1 pair of boots of running (You found it on level 1 of the Dungeon)
   168 | D:1      | Reached XP level 2. HP: 16/16 MP: 3/3
   253 | D:2      | Found a basalt altar of Yredelemnul.
   255 | D:2      | Found a stormy altar of Qazlal.
   255 | D:2      | Found a sacrificial altar of Ru.
   260 | D:2      | Found a radiant altar of Vehumet.
   264 | D:2      | Became a worshipper of Ru the Awakened
   291 | D:3      | Gained mutation: You are slightly vulnerable to magic. [Ru sacrifice]
   291 | D:3      | Acquired Ru's first power
   317 | D:3      | Noticed an orc wizard
   358 | D:3      | Noticed Grinder
   393 | D:3      | Killed Robin
   393 | D:3      | Reached XP level 3. HP: 16/19 MP: 4/4
   452 | D:3      | Killed Ijyb
   452 | D:3      | Reached XP level 4. HP: 20/24 MP: 5/5
   528 | D:3      | Noticed Jessica
   534 | D:3      | Killed Jessica
   634 | D:4      | Reached skill level 5 in Unarmed Combat
   634 | D:4      | Reached XP level 5. HP: 28/28 MP: 6/6
   650 | D:4      | Noticed a troll
   651 | D:4      | woo
   652 | D:5      | Entered Level 5 of the Dungeon
   672 | D:5      | Noticed Duvessa
   673 | D:5      | Noticed Dowan
   977 | D:5      | Found a large runed door.
   977 | D:5      | Found a large runed door.
  1011 | D:5      | Gained mutation: You heal very quickly. [Vine Stalker growth]
  1011 | D:5      | Reached XP level 6. HP: 29/33 MP: 7/7
  1013 | D:5      | Noticed a hill giant
  1033 | D:5      | Noticed a phantom
  1083 | D:5      | Killed a phantom
  1091 | D:5      | Found a large runed door.
  1091 | D:5      | Found a large runed door.
  1304 | D:6      | Reached skill level 6 in Unarmed Combat
  1304 | D:6      | Reached XP level 7. HP: 37/37 MP: 8/8
  1392 | D:6      | Noticed a centaur skeleton
  1409 | D:6      | Killed a centaur skeleton
  1409 | D:6      | Reached skill level 7 in Unarmed Combat
  1413 | D:6      | Found a glowing drain.
  1431 | Sewer    | Entered a sewer
  1470 | D:6      | Gained mutation: You have razor-sharp teeth. [Vine Stalker growth]
  1470 | D:6      | Reached XP level 8. HP: 38/42 MP: 9/9
  1495 | D:6      | Noticed barthelm's ghost (experienced KoBe)
  1560 | D:6      | Noticed Edmund
  1593 | D:6      | Killed Edmund
  1593 | D:6      | Reached skill level 5 in Fighting
  1710 | D:7      | Gained mutation: You cannot be stealthy. [Ru sacrifice]
  1710 | D:7      | Acquired Ru's second power
  2021 | D:7      | Reached skill level 5 in Dodging
  2021 | D:7      | Reached skill level 8 in Unarmed Combat
  2048 | D:7      | Found a sand-covered staircase.
  2083 | Ossuary  | Entered an ossuary
  2183 | Ossuary  | Reached XP level 9. HP: 39/48 MP: 10/10
  2249 | Ossuary  | Reached skill level 9 in Unarmed Combat
  2440 | D:8      | seriously
  2567 | D:8      | Got a jewelled mace {crush}
  2595 | D:8      | Reached skill level 10 in Unarmed Combat
  2613 | D:8      | Found a staircase to the Lair.
  2743 | D:7      | Gained mutation: Your magical capacity is low (-10% MP). [Ru sacrifice]
  2796 | D:10     | Entered Level 10 of the Dungeon
  2868 | D:10     | Noticed GrandHerb's ghost (powerful TeGl)
  2882 | D:10     | Found a roughly hewn altar of Beogh.
  2917 | D:9      | Found a blossoming altar of Fedhas.
  2995 | D:9      | Reached XP level 10. HP: 45/55 MP: 10/10
  3220 | D:10     | Noticed a hill giant
  3228 | D:10     | Found Zaoshray's General Store.
  3229 | D:10     | Bought a potion of degeneration for 16 gold pieces
  3294 | D:10     | HP: 2/55 [poisoned by a wight]
  3297 | D:10     | Succumbed to a wight's poison

Vault maps used:
D:1:      minmay_arrival_glassed_features
D:2:      minitemple, nicolae_dithmenos_shadow_blocks, uniq_sigmund
D:3:      first_bread, uniq_jessica, uniq_robin, uniq_terence, uniq_grinder,
          uniq_iyjb
D:4:      minmay_temple_entry_statues_fountains
D:5:      minmay_hollow_rounded_squares, uniq_duvessa, uniq_crazy_yiuf_cottage
D:6:      portal_sewer_entry_f, uniq_menkaure, uniq_edmund
D:7:      nicolae_ossuary_entry_catacombs
D:8:      erik_lair_orcish_takeover
D:9:      basic_altar
D:10:     special_room, serial_shops, shop, grunt_livestock, nrook_mini_vaults,
          trog_book, uniq_josephine
Sewer:    sewer_co_tree
Ossuary:  ossuary_tomb_2

Action                   |  1- 3 |  4- 6 |  7- 9 | 10-12 || total
-------------------------+-------+-------+-------+-------++-------
Melee: Unarmed           |    84 |   162 |   484 |    63 ||   793
Throw: Throwing net      |       |       |       |     1 ||     1
Invok: Sacrifice Essence |     1 |       |     1 |       ||     2
       Sacrifice Stealth |       |       |     1 |       ||     1
  Use: Scroll            |     3 |     4 |     5 |     3 ||    15
       Potion            |       |       |       |     1 ||     1
 Stab: Sleeping          |     2 |     4 |     1 |       ||     7
       Distracted        |       |     2 |       |       ||     2
       Invisible         |       |       |       |     1 ||     1
  Eat: Chunk             |       |     1 |     4 |     1 ||     6
       Fruit             |       |       |     1 |       ||     1
       Pizza             |       |       |     1 |       ||     1
